Description

e

Replay - GothisWay v MKH - Nightshade LE

Build Order

Get SALT Encoding   

  12  0:01  SCV  
  13  0:05  Science Vessel  SEND OUT
  13  0:15  SCV  
  13  0:21  Supply Depot  
  14  0:27  Refinery  
  14  0:30  SCV  
  15  0:45  Barracks  
  15  0:59  Barracks  
  15  1:04  SCV  
  16  1:16  SCV  
  17  1:32  Orbital Command, Barracks Tech Lab  
  17  1:46  Supply Depot  
  17  1:51  Concussive Shells, Marauder  
  19  1:57  Barracks Tech Lab  
  18  2:12  Marauder  
  18  2:14  SCV  
  21  2:19  Supply Depot  
  21  2:20  Marauder  
  23  2:40  Marauder x2  
  24  3:02  Marauder x2  
  24  3:14  SCV  
  23  3:21  Bunker  
Spawning Tool Build Advisor. Get it on Overwolf

Analysis

e

Go to:

Details

  • Created by: HakanSlash
  • Published on: Dec 22, 2019
  • Modified on: Dec 22, 2019
  • Patch: 4.11.0
Show
View Real Time Build Order
Export as new Build Order

Comments (0)

There are no comments. Be the first!

Create an account to comment!